 Dungeon Crawl Stone Soup version 0.26-a0-720-g2a1d101370 (webtiles) character file.

Game seed: 13982718952274527736

6822 nomadicburrito the Cleaver (level 10, 0/83 HPs)
             Began as a Minotaur Fighter on Nov 4, 2020.
             Was an Elder of Okawaru.
             Slain by a two-headed ogre
             ... wielding a +0 giant club
              (1 damage)
             ... on level 10 of the Dungeon.
             The game lasted 00:24:07 (9068 turns).

nomadicburrito the Cleaver (Minotaur Fighter)       Turns: 9068, Time: 00:24:09

Health: 0/83       AC: 17    Str: 28    XL:     10   Next: 77%
Magic:  0/9        EV:  7    Int:  8    God:    Okawaru [****..]
Gold:   558        SH: 13    Dex:  9    Spells: 9/9 levels left

rFire    + . .     SeeInvis .   L - +0 war axe
rCold    . . .     Faith    .   c - +0 kite shield
rNeg     . . .     Spirit   +   M - +0 plate armour
rPois    .         Reflect  .   (helmet restricted)
rElec    .         Harm     .   u - +0 cloak {rCorr}
rCorr    +         Rampage  .   (no gloves)
MR       .....                  a - +0 pair of boots
Stlth    ..........             C - amulet of guardian spirit
HPRegen  0.23/turn              s - +6 ring of strength
MPRegen  0.11/turn              O - ring of protection from fire

@: lethally poisoned (0 -> -3), hasted, very quick
A: retaliatory headbutt, horns 2
a: Heroism, Renounce Religion


You were on level 10 of the Dungeon.
You worshipped Okawaru.
Okawaru was greatly pleased with you.
You visited 2 branches of the dungeon, and saw 11 of its levels.
You also visited: Ossuary.

You collected 558 gold pieces.

Inventory:

Hand Weapons
 L - a +0 war axe (weapon)
Missiles
 J - 8 boomerangs (quivered)
 K - 5 silver javelins
Armour
 a - a +0 pair of boots (worn)
 c - a +0 kite shield (worn)
 u - a +0 cloak of preservation (worn)
 E - a +1 leather armour of cold resistance
 M - a +0 plate armour (worn)
 P - a +1 chain mail of fire resistance
Jewellery
 s - a +6 ring of strength (left hand)
 C - an amulet of guardian spirit (around neck)
 N - an uncursed ring of wizardry
 O - a ring of protection from fire (right hand)
Wands
 k - a wand of disintegration (33)
 q - a wand of paralysis (16)
 t - a wand of polymorph (13)
 w - a wand of iceblast (4)
Scrolls
 b - 3 scrolls of noise {unknown}
 e - 10 scrolls of identify
 l - 2 scrolls of amnesia {unknown}
 m - 3 scrolls of blinking
 n - 3 scrolls of fear {unknown}
 v - 2 scrolls of random uselessness {unknown}
 x - 3 scrolls of teleportation {unknown}
 y - a scroll of magic mapping {unknown}
 z - 5 scrolls of enchant armour {unknown}
 A - a scroll of vulnerability {unknown}
 B - 2 scrolls of enchant weapon {unknown}
 F - 2 scrolls of fog {unknown}
 G - 4 scrolls of remove curse
Potions
 d - 2 potions of might
 f - a potion of flight
 g - 2 potions of brilliance
 h - 3 potions of haste
 j - a potion of curing
 o - 3 potions of resistance {unknown}
 p - a potion of mutation {unknown}
 r - 2 potions of lignification {unknown}
 D - a potion of stabbing {unknown}
 H - 2 potions of berserk rage {unknown}
 I - a potion of heal wounds {unknown}


   Skills:
 + Level 5.7 Fighting
 + Level 12.5 Axes
 * Level 9.7 Armour
 - Level 11.8 Shields


You had 9 spell levels left.
You didn't know any spells.
Your spell library contained the following spells:

 Spells                   Type           Power        Failure   Level
 Magic Dart               Conj           #...         99%         1
 Sting                    Tmut/Pois      #...         99%         1
 Poisonous Vapours        Pois/Air       #.....       100%        2
 Searing Ray              Conj           #.....       100%        2
 Confusing Touch          Hex            #.......     100%        3
 Dazzling Flash           Conj/Hex       #.....       100%        3
 Gell's Gravitas          Tloc           #.........   100%        3
 Ignite Poison            Fire/Tmut/Pois #.......     100%        3
 Mephitic Cloud           Conj/Pois/Air  #.......     100%        3
 Fulminant Prism          Conj/Hex       #.........   100%        4
 Iskenderun's Mystic Bla  Conj/Tloc      #.......     100%        4
 Olgreb's Toxic Radiance  Pois           #.......     100%        4
 Petrify                  Tmut/Erth      #.......     100%        4
 Metabolic Englaciation   Hex/Ice        #.........   100%        5
 Yara's Violent Unravell  Hex/Tmut       #.........   100%        5


Dungeon Overview and Level Annotations

Branches:
Dungeon (10/15)            Temple (1/1) D:5            Lair (0/6) D:8
Ossuary (visited)
    Orc: D:9-12

Altars:
Nemelex Xobeh
Okawaru
Qazlal
Trog
Uskayaw
Vehumet
Wu Jian
Yredelemnul
Zin
The Shining One

Shops:
D:9 [[*:[

Portals:
Bailey: D:10


Innate Abilities, Weirdness & Mutations

You reflexively headbutt those who attack you in melee.
You have a pair of horns on your head.


Message History

The two-headed ogre is almost dead.
You hit the killer bee but do no damage.
You feel sick. The killer bee completely misses you.
The two-headed ogre hits you with a +0 giant club!
* * * LOW HITPOINT WARNING * * *
The two-headed ogre hits you with a +0 dire flail.
* * * LOW HITPOINT WARNING * * *
You block the killer bee's attack.
You feel yourself speed up.
You feel sick.
The killer bee stings you but does no damage.
You block the killer bee's attack. You block the two-headed ogre's attack.
The two-headed ogre hits you with a +0 dire flail.
* * * LOW HITPOINT WARNING * * *
It was a potion of magic.
Magic courses through your body.
You feel sick. You block the killer bee's attack. The killer bee stings you.
* * * LOW HITPOINT WARNING * * *
The two-headed ogre hits you with a +0 giant club!
* * * LOW HITPOINT WARNING * * *
The two-headed ogre hits you with a +0 dire flail.
You die...

#.......≈# ∩.# .
#.......≈# ..# ...
#.......≈##.##≈O..
#..(....≈≈g≈≈y≈...
#.....y..YgY....#
#.....g#..y.Y#y..y
#.....g#..y..# Y
#####....YY#######...
#........ggyy@O{.....
#........gYY####'####
#)..........#
#...........#
#...........#
#...........#
#...........#.
##...........'.
#(...........#


You could see a two-headed ogre, 4 yaks, 2 killer bees and 3 goblins.

Vanquished Creatures
  A two-headed ogre (D:10)
  Grinder (D:3)
  4 slime creatures (D:10)
  2 wyverns (D:7)
  5 yaks (D:9)
  A basilisk (D:8)
  2 water moccasins
  2 orc warriors
  An ice beast (D:10)
  A necrophage (D:7)
  3 black bears
  A phantom (D:4)
  2 ogres (D:7)
  6 centaurs
  A wolf (D:7)
  3 elf zombies (Ossuary)
  Blork the orc (D:4)
  2 bullfrogs
  5 scorpions
  4 killer bees (D:10)
  4 wights (D:10)
  A howler monkey (D:5)
  An electric eel (D:8)
  2 centaur zombies
  2 quasits
  A hound (D:5)
  3 jellies
  Crazy Yiuf (D:3)
  4 orc priests
  2 centaur skeletons
  5 orc wizards
  4 iguanas
  Ijyb (D:2)
  Terence (D:3)
  4 worker ants
  2 big kobold zombies (Ossuary)
  3 mummies (Ossuary)
  Robin (D:3)
  6 adders
  A shadow imp (D:8)
  5 adder zombies
  An adder skeleton (D:9)
  3 worms
  5 dart slugs
  7 leopard geckos
  13 orcs
  4 ball pythons
  6 giant cockroaches
  2 gnoll zombies (Ossuary)
  17 goblins
  11 hobgoblins
  10 jackals
  A quokka (D:4)
  9 bats
  9 frilled lizards
  6 goblin zombies (Ossuary)
  3 hobgoblin zombies (Ossuary)
  3 jackal zombies (Ossuary)
  6 kobolds
  2 kobold zombies (Ossuary)
  A leopard gecko skeleton (D:4)
  A quokka zombie (Ossuary)
  7 rats
  4 rat zombies (Ossuary)
233 creatures vanquished.

Vanquished Creatures (others)
  12 plants
12 creatures vanquished.

Grand Total: 245 creatures vanquished

Notes
Turn   | Place    | Note
-------+----------+-------------------------------------------
     0 | D:1      | nomadicburrito the Minotaur Fighter began the quest for the
                  | Orb.
     0 | D:1      | Reached XP level 1. HP: 19/19 MP: 0/0
    95 | D:1      | Reached skill level 3 in Axes
   142 | D:1      | Reached XP level 2. HP: 25/26 MP: 1/1
   504 | D:2      | Reached XP level 3. HP: 29/31 MP: 2/2
   552 | D:2      | Reached skill level 4 in Axes
  1085 | D:2      | Noticed Ijyb
  1088 | D:2      | Reached XP level 4. HP: 37/39 MP: 3/3
  1091 | D:2      | Paralysed by Ijyb for 4 turns
  1104 | D:2      | Paralysed by Ijyb for 5 turns
  1109 | D:2      | Killed Ijyb
  1434 | D:3      | Reached skill level 5 in Axes
  1575 | D:3      | Reached skill level 5 in Shields
  1575 | D:3      | Reached XP level 5. HP: 43/45 MP: 4/4
  1682 | D:3      | Noticed Robin
  1683 | D:3      | Noticed Terence
  1716 | D:3      | Killed Robin
  1725 | D:3      | Killed Terence
  1725 | D:3      | Reached skill level 6 in Axes
  2009 | D:3      | Noticed Grinder
  2026 | D:3      | Paralysed by Grinder for 2 turns
  2035 | D:3      | Killed Grinder
  2035 | D:3      | Reached skill level 7 in Axes
  2035 | D:3      | Reached XP level 6. HP: 42/51 MP: 5/5
  2094 | D:3      | Found a runed translucent door.
  2095 | D:3      | Noticed Crazy Yiuf
  2106 | D:3      | Killed Crazy Yiuf
  2415 | D:4      | Noticed Blork the orc
  2424 | D:4      | Killed Blork the orc
  2424 | D:4      | Reached XP level 7. HP: 44/57 MP: 6/6
  2684 | D:4      | Reached skill level 8 in Axes
  3314 | D:5      | Entered Level 5 of the Dungeon
  3389 | D:5      | Found a glowing silver altar of Zin.
  3465 | D:5      | Reached skill level 9 in Axes
  3513 | D:5      | Found a sand-covered staircase.
  3517 | Ossuary  | Entered an ossuary
  3575 | Ossuary  | Reached XP level 8. HP: 52/64 MP: 7/7
  4084 | Ossuary  | Reached skill level 10 in Axes
  4371 | D:5      | Found a staircase to the Ecumenical Temple.
  4379 | Temple   | Entered the Ecumenical Temple
  4385 | Temple   | Became a worshipper of Warmaster Okawaru
  6283 | D:7      | Reached * piety under Okawaru
  6283 | D:7      | Reached XP level 9. HP: 13/70 MP: 1/8
  6285 | D:7      | Reached skill level 5 in Armour
  6288 | D:7      | HP: 3/70 [water moccasin (1)]
  6628 | D:7      | Reached skill level 11 in Axes
  6642 | D:7      | Reached skill level 10 in Shields
  6670 | D:8      | Found a staircase to the Lair.
  7060 | D:8      | Reached ** piety under Okawaru
  7967 | D:9      | Found Enych's Armour Emporium.
  8141 | D:9      | Found Ytoisose's Armour Boutique.
  8163 | D:9      | Found Nucvaxti's Book Shop.
  8203 | D:9      | Found Akat's General Store.
  8251 | D:9      | Reached XP level 10. HP: 56/77 MP: 6/9
  8449 | D:9      | Found Olaczoag's Armour Emporium.
  8758 | D:10     | Entered Level 10 of the Dungeon
  8831 | D:10     | Reached skill level 12 in Axes
  8835 | D:10     | Reached *** piety under Okawaru
  8991 | D:10     | Reached skill level 5 in Fighting
  9037 | D:10     | Found a flagged portal.
  9038 | D:10     | Noticed a two-headed ogre
  9049 | D:10     | Noticed a two-headed ogre
  9059 | D:10     | Killed a two-headed ogre
  9059 | D:10     | Reached **** piety under Okawaru
  9068 | D:10     | HP: 1/83 [two-headed ogre/+0 giant club (10)]
  9068 | D:10     | Slain by a two-headed ogre

Illustrated notes

Levels and vault maps discovered:
D:1:      mrwooster_arrival_arrow, layout_basic
D:2:      kennysheep_the_goblin_king, layout_basic, minmay_ruptured
D:3:      layout_basic, uniq_grinder, uniq_crazy_yiuf_cottage, uniq_robin,
          uniq_terence
D:4:      layout_loops_cross, uniq_blork_the_orc
D:5:      layout_loops_ring, lemuel_round_altar,
          minmay_temple_entry_glassed_door,
          nicolae_ossuary_entry_false_entrances
D:6:      layout_basic, minmay_lizard_king
D:7:      layout_loops_ring
D:8:      layout_cave_pools, minmay_lair_entry_grove, kennysheep_minor_cross
D:9:      layout_cave_pools, serial_shops, shop, shop, shop, shop,
          nicolae_shop_trees
D:10:     layout_irregular_city, enter_bailey_3
Temple:   compressed_dpeg_triangle_lava_temple

Skill      XL: |  1  2  3  4  5  6  7  8  9 10 |
---------------+-------------------------------+-----
Axes           | 3 4 5 7 9 10 11 12 | 12.5
Shields        | 4 5 6 7 9 11 | 11.8
Armour         | 4 7 9 |  9.7
Fighting       | 5 |  5.7

Action                   |  1- 3 |  4- 6 |  7- 9 | 10-12 || total
-------------------------+-------+-------+-------+-------++-------
Melee: War axe           |    85 |    58 |   170 |   133 ||   446
       Headbutt          |    14 |    14 |    83 |    32 ||   143
       Short sword       |       |    43 |   288 |       ||   331
Invok: Heroism           |       |       |       |     3 ||     3
  Use: Scroll            |     3 |     2 |     4 |       ||     9
       Potion            |       |       |     2 |     2 ||     4
Armor: Scale mail        |    47 |    50 |       |       ||    97
       Ring mail         |       |       |   152 |       ||   152
       Plate armour      |       |       |    13 |    59 ||    72
Dodge: Dodged            |    27 |    33 |   103 |    41 ||   204
Block: Kite shield       |    49 |    51 |   253 |   111 ||   464

Table legend: (Time is in decaauts)
 A = Elapsed time spent in this place.
 B = Non-inter-level travel time spent in this place.
 C = Inter-level travel time spent in this place.
 D = Time resting spent in this place.
 E = Time spent auto-exploring this place.
 F = Levels seen in this place.
 G = Mean time per level.
                   A        B        C        D        E       F      G
               +--------+--------+--------+--------+--------+-----+--------+
         Total |   9147 |   8892 |    255 |    907 |   5774 |  12 |  762.2 |
       Dungeon |   8522 |   8267 |    255 |    907 |   5413 |  10 |  852.2 |
        Temple |     13 |     13 |      0 |      0 |      0 |   1 |   13.0 |
       Ossuary |    611 |    611 |      0 |      0 |    361 |   1 |  611.0 |
               +--------+--------+--------+--------+--------+-----+--------+

Top non-repeatable levels by time:
     D:7: 1795 daAuts
     D:3: 1014 daAuts
     D:2: 972 daAuts
     D:4: 908 daAuts
     D:8: 906 daAuts
     D:5: 877 daAuts
     D:9: 784 daAuts
 Ossuary: 611 daAuts
     D:1: 494 daAuts
     D:6: 474 daAuts
    D:10: 295 daAuts
  Temple: 13 daAuts
